 Dungeon Crawl Stone Soup version 0.22.1-6-g1668fe2c40 (webtiles) character file.

2520 Descartes the Ruffian (level 9, -2/41 HPs)
             Began as a Vine Stalker Wanderer on Jan 20, 2019.
             Was a Follower of Dithmenos.
             Engulfed by a steam dragon's steam (6 damage)
             ... on level 7 of the Dungeon.
             The game lasted 00:35:21 (7611 turns).

Descartes the Ruffian (Vine Stalker Wanderer)       Turns: 7611, Time: 00:35:21

Health: -2/41      AC: 10    Str: 15    XL:     9   Next: 54%
Magic:  0/17       EV: 19    Int: 15    God:    Dithmenos [*.....]
Gold:   432        SH:  0    Dex: 14    Spells: 10/18 levels left

rFire    . . .     SeeInvis .   k - +4 quarterstaff (chaos)
rCold    . . .     Gourm    .   (shield currently unavailable)
rNeg     . . .     Faith    .   d - +0 robe
rPois    .         Spirit   +   (helmet restricted)
rElec    .         Reflect  .   s - +2 cloak
rCorr    .         Harm     .   C - +0 pair of gloves
MR       +....     Clarity  +   m - +0 pair of boots
Stlth    ++........             (no amulet)
HPRegen  0.53/turn              x - +5 ring of evasion
MPRegen  0.15/turn              X - +3 ring of protection

@: wreathed by umbra
A: antennae 1, fangs 3, hooves 1, clarity, regeneration 1, magic shield,
antimagic bite, no potion heal 3, rot immunity, subdued magic 1
a: Renounce Religion


You were on level 7 of the Dungeon.
You worshipped Dithmenos.
Dithmenos was aware of your devotion.
You were not hungry.

You visited 2 branches of the dungeon, and saw 8 of its levels.
You also visited: Sewer.

You collected 432 gold pieces.

Inventory:

Hand Weapons
 a - a +3 dagger of venom
 b - a +0 hunting sling
 e - a +0 club
 k - a +4 quarterstaff of chaos (weapon)
 E - a +0 blowgun
 G - a +6 hand crossbow
 H - a +1 rapier of distortion
 L - a +0 short sword of venom
 Q - a +0 shortbow
 W - a +1 short sword of venom
Missiles
 i - 163 stones (quivered)
 p - 116 arrows
 w - 85 bolts
 F - 14 poisoned needles
 M - 15 curare-tipped needles
 N - 20 sling bullets
 P - 4 tomahawks
 U - 7 needles of sleeping
Armour
 d - a +0 robe (worn)
 m - a +0 pair of boots (worn)
 s - a +2 cloak (worn)
 z - a +0 helmet
 C - a +0 pair of gloves (worn)
Jewellery
 x - a +5 ring of evasion (left hand)
 A - an uncursed ring of protection from cold
 X - a +3 ring of protection (right hand)
Wands
 l - a wand of polymorph (11)
 K - a wand of digging (11)
 R - a wand of clouds (4)
Scrolls
 q - 7 scrolls of teleportation
 t - a scroll of remove curse
 u - a scroll of blinking
 y - a scroll of enchant weapon
 B - 2 scrolls of amnesia
 D - 2 scrolls of magic mapping
 J - a scroll of fear
 S - 4 scrolls of identify
 T - a scroll of enchant armour
Potions
 c - 3 potions of curing
 g - 2 potions of invisibility
 h - 2 potions of flight
 j - 2 potions of might
 n - 2 potions of magic
 o - a potion of cancellation {unknown}
 r - a potion of haste {unknown}
 v - a potion of ambrosia {unknown}
 O - a potion of degeneration {unknown}
 V - a potion of brilliance {unknown}
Comestibles
 f - 10 rations
 I - a chunk of flesh


   Skills:
 + Level 1.0 Fighting
 - Level 1.0 Throwing
 + Level 4.3 Dodging
 + Level 2.6 Stealth
 * Level 5.4 Unarmed Combat
 + Level 5.2 Spellcasting
 + Level 5.2 Conjurations
 - Level 1.0 Charms
 + Level 5.2 Necromancy
 + Level 5.2 Fire Magic


You had 10 spell levels left.
You knew the following spells:

 Your Spells              Type           Power        Failure   Level  Hunger
a - Flame Tongue          Conj/Fire      ###..        1%          1    None
b - Pain                  Necr           ###.         1%          1    None
c - Conjure Flame         Conj/Fire      ###.....     4%          3    ###....
d - Regeneration          Chrm/Necr      ##........   11%         3    ###....

Your spell library contained the following spells:

 Spells                   Type           Power        Failure   Level  Hunger
 Throw Flame              Conj/Fire      ###...       1%          2    ##.....
 Confusing Touch          Hex            #.....       13%         1    None
 Summon Small Mammal      Summ           #...         13%         1    None
 Inner Flame              Hex/Fire       #.......     14%         3    ###....
 Sticky Flame             Conj/Fire      ###.....     16%         4    ####...
 Call Imp                 Summ           #.......     21%         2    ##.....
 Call Canine Familiar     Summ           #.......     38%         3    ###....
 Confuse                  Hex            #.......     38%         3    ###....
 Gell's Gravitas          Tloc           #.........   38%         3    ###....
 Summon Guardian Golem    Hex/Summ       #.......     38%         3    ###....
 Fireball                 Conj/Fire      ###.......   41%         5    ######.
 Petrify                  Tmut/Erth      #.......     82%         4    ####...
 Summon Ice Beast         Ice/Summ       #.......     82%         4    ####...
 Summon Lightning Spire   Summ/Air       #.......     82%         4    ####...
 Metabolic Englaciation   Hex/Ice        #.........   99%         5    ######.
 Yara's Violent Unravell  Hex/Tmut       #.........   99%         5    ######.


Dungeon Overview and Level Annotations

Branches:
Dungeon (7/15)             Temple (1/1) D:5

Altars:
Ashenzari
Cheibriados
Dithmenos
Elyvilon
Fedhas
Gozag
Hepliaklqana
Kikubaaqudgha
Makhleb
Nemelex Xobeh
Okawaru
Qazlal
Ru
Sif Muna
Trog
Uskayaw
Vehumet
Xom
Yredelemnul
Zin
The Shining One

Annotations:
D:4 2 transporters


Innate Abilities, Weirdness & Mutations

You have razor-sharp teeth.
Your natural rate of healing is unusually fast.
When hurt, damage is shared between your health and your magic reserves.
Your bite disrupts and absorbs the magic of your enemies.
Potions cannot restore your health.
You are immune to rotting.
You have a pair of small antennae on your head.
You have large cloven feet.
You possess an exceptional clarity of mind.
Your spells are a little easier to cast, but a little less powerful.


Message History

Dithmenos accepts your kill.
You thump the steam dragon! Your bite misses the steam dragon.
The steam dragon is heavily wounded.
The steam dragon breathes steam at you. The ball of steam hits you!
* * * LOW HITPOINT WARNING * * *
You hit the steam dragon.
You feel better.
The steam dragon is severely wounded.
You are engulfed in a cloud of scalding steam.
The steam dragon breathes steam at you. The ball of steam hits you!
* * * LOW HITPOINT WARNING * * *
The steam dragon completely misses you. The steam dragon misses you.
You barely miss the steam dragon. Your bite misses the steam dragon.
The steam dragon is severely wounded.
The steam dragon closely misses you. The steam dragon barely misses you.
You closely miss the steam dragon.
The steam dragon is severely wounded.
You are engulfed in a cloud of scalding steam.
You die...

### #.# #..# #...# ..#
#.# #..# #.#.. # #.#
#.# #..# #.##. #.###.#
#.# #..# ##.... ...o#
#.####..###........
#..#
#...........#######
##.##.)#####
######..##### ####
.....>)....#########..#
#...
##.##.##.#...ooD@§§...#
#.## # #.
#...##########.# #.# ,
.. ##### #.# #.# (#. ,
.# #.# #.##* * .# #.# #
* *.# #.# *, * * .#
#.## #### , , #...
####≈≈≈ , , ,* ###.


You could see a steam dragon and 2 orcs.

Vanquished Creatures
  Duvessa (D:4)
  An ice beast (D:6)
  A phantom (D:7)
  A sky beast (D:5)
  2 necrophages
  An ogre (D:4)
  2 centaurs (D:6)
  3 big kobolds (Sewer)
  5 bullfrogs
  Dowan (D:4)
  A scorpion (D:5)
  2 crimson imps (D:5)
  2 hounds
  Crazy Yiuf (D:2)
  An orc priest (D:6)
  2 bullfrog skeletons
  5 iguanas
  3 worker ants
  5 orc wizards
  2 hound skeletons
  18 gnolls
  11 adders
  3 river rats (Sewer)
  2 shadow imps
  5 oozes
  An adder skeleton (D:7)
  11 worms
  2 dart slugs (D:1)
  4 leopard geckos
  12 orcs
  3 ball pythons
  7 giant cockroaches
  14 goblins
  5 hobgoblins
  9 jackals
  A quokka (D:3)
  8 bats
  3 frilled lizards
  2 jackal skeletons
  11 kobolds
  10 rats
184 creatures vanquished.

Vanquished Creatures (others)
  An orc (D:7)
1 creature vanquished.

Grand Total: 185 creatures vanquished

Notes
Turn   | Place    | Note
-------+----------+-------------------------------------------
     0 | D:1      | Descartes the Vine Stalker Wanderer began the quest for the
                  | Orb.
     0 | D:1      | Descartes set off with: a potion of curing, a +0 robe, a +0
                  | club, a ration
     0 | D:1      | Reached XP level 1. HP: 9/9 MP: 5/5
     2 | D:1      | Learned a level 1 spell: Flame Tongue
     4 | D:1      | Learned a level 1 spell: Pain
   655 | D:1      | Reached XP level 2. HP: 13/13 MP: 7/7
  1184 | D:1      | Reached XP level 3. HP: 14/16 MP: 8/8
  1920 | D:2      | Reached skill level 1 in Conjurations
  1933 | D:2      | Reached skill level 1 in Dodging
  1933 | D:2      | Reached skill level 1 in Unarmed Combat
  1933 | D:2      | Gained mutation: Your natural rate of healing is unusually
                  | fast. [Vine Stalker growth]
  1933 | D:2      | Reached XP level 4. HP: 8/21 MP: 4/10
  2629 | D:2      | Gained mutation: You tend to lose your temper in combat.
                  | [potion of mutation]
  2629 | D:2      | Gained mutation: Your movements are slightly less
                  | encumbered by armour. (ER -2) [potion of mutation]
  2629 | D:2      | Gained mutation: You are partially covered in large bone
                  | plates. (SH +4) [potion of mutation]
  2630 | D:2      | Lost mutation: You tend to lose your temper in combat.
                  | [potion of mutation]
  2630 | D:2      | Lost mutation: You are partially covered in large bone
                  | plates. (SH +4) [potion of mutation]
  2630 | D:2      | Gained mutation: Scrolls take you a little longer to read.
                  | [potion of mutation]
  2630 | D:2      | Gained mutation: You passively map a small area around you.
                  | [potion of mutation]
  2749 | D:2      | Found a runed door.
  2753 | D:2      | Noticed Crazy Yiuf
  2758 | D:2      | Killed Crazy Yiuf
  2758 | D:2      | Reached XP level 5. HP: 24/24 MP: 11/11
  3219 | D:3      | Reached XP level 6. HP: 25/28 MP: 9/12
  3430 | D:3      | Found a glowing drain.
  3477 | Sewer    | Entered a sewer
  4169 | Sewer    | Reached XP level 7. HP: 32/32 MP: 14/14
  4816 | D:4      | Noticed Dowan
  4818 | D:4      | Noticed Duvessa
  4828 | D:5      | Entered Level 5 of the Dungeon
  5166 | D:5      | Gained mutation: You have razor-sharp teeth. [Vine Stalker
                  | growth]
  5166 | D:5      | Reached XP level 8. HP: 32/36 MP: 13/16
  5314 | D:5      | Found a staircase to the Ecumenical Temple.
  5325 | Temple   | Entered the Ecumenical Temple
  5397 | Temple   | Became a worshipper of Dithmenos the Shadowed
  5760 | D:6      | Reached skill level 5 in Spellcasting
  5897 | D:6      | Reached skill level 5 in Fire Magic
  6198 | D:6      | Reached * piety under Dithmenos
  6266 | D:6      | Learned a level 3 spell: Conjure Flame
  6270 | D:6      | Learned a level 3 spell: Regeneration
  6313 | D:6      | Reached XP level 9. HP: 39/39 MP: 17/17
  6561 | D:7      | Reached skill level 5 in Necromancy
  6576 | D:7      | Reached skill level 5 in Conjurations
  6693 | D:7      | Reached skill level 5 in Unarmed Combat
  6775 | D:7      | Lost mutation: Scrolls take you a little longer to read.
                  | [potion of mutation]
  6775 | D:7      | Lost mutation: You passively map a small area around you.
                  | [potion of mutation]
  6775 | D:7      | Lost mutation: Your movements are slightly less encumbered
                  | by armour. (ER -2) [potion of mutation]
  6775 | D:7      | Gained mutation: You are clumsy. (Dex -2) [potion of
                  | mutation]
  6775 | D:7      | Gained mutation: You are very clumsy. (Dex -4) [potion of
                  | mutation]
  6775 | D:7      | Gained mutation: You are resistant to hostile enchantments.
                  | (MR+) [potion of mutation]
  6776 | D:7      | Lost mutation: You are very clumsy. (Dex -4) [potion of
                  | mutation]
  6776 | D:7      | Lost mutation: You are resistant to hostile enchantments.
                  | (MR+) [potion of mutation]
  6776 | D:7      | Lost mutation: You are clumsy. (Dex -2) [potion of
                  | mutation]
  6776 | D:7      | Gained mutation: You possess an exceptional clarity of
                  | mind. [potion of mutation]
  6776 | D:7      | Gained mutation: You have a pair of small antennae on your
                  | head. [potion of mutation]
  6776 | D:7      | Gained mutation: Your spells are a little easier to cast,
                  | but a little less powerful. [potion of mutation]
  6776 | D:7      | Gained mutation: You have large cloven feet. [potion of
                  | mutation]
  6964 | D:4      | Found a transporter.
  6986 | D:4      | Found a transporter.
  7090 | D:4      | Killed Duvessa
  7098 | D:4      | Killed Dowan
  7098 | D:4      | Reached skill level 1 in Fighting
  7611 | D:7      | Engulfed by a steam dragon's steam

Skill      XL: |  1  2  3  4  5  6  7  8  9 |
---------------+----------------------------+-----
Conjurations   | 1 2 3 4 5 |  5.2
Dodging        | 1 2 3 4 |  4.3
Unarmed Combat | 1 2 3 4 5 |  5.4
Necromancy     | 2 3 4 5 |  5.2
Spellcasting   | 4 5 |  5.2
Fire Magic     | 4 5 |  5.2
Stealth        | 2 |  2.6
Fighting       | 1 |  1.0
Throwing       | |  1.0
Charms         | |  1.0

Action                   |  1- 3 |  4- 6 |  7- 9 || total
-------------------------+-------+-------+-------++-------
Melee: Unarmed           |    22 |       |     3 ||    25
       Bite              |    17 |    92 |   167 ||   276
       Dagger            |    62 |    35 |       ||    97
       Punch             |       |     3 |    10 ||    13
       Mace              |       |   290 |   611 ||   901
       Quarterstaff      |       |       |    25 ||    25
 Fire: Hunting sling     |    12 |    50 |       ||    62
Throw: Stone             |       |    16 |     5 ||    21
  Use: Potion            |     1 |     2 |     4 ||     7
       Scroll            |       |    12 |     5 ||    17
 Stab: Sleeping          |     2 |       |       ||     2
       Invisible         |       |       |     3 ||     3
  Eat: Chunk             |     2 |    10 |    13 ||    25
Armor: Robe              |    13 |     4 |     8 ||    25
       Chain mail        |       |   185 |   349 ||   534
Dodge: Dodged            |    41 |   316 |   548 ||   905
